 Dungeon Crawl Stone Soup version 0.31.0-9-g3a7656b989 (webtiles) character file.

Game seed: 8055608983163748269

46 qw the Shooter (level 3, 0/18 HPs)
             Began as a Spriggan Hunter on Feb 2, 2024.
             Succumbed to an adder's poison
             ... on level 2 of the Dungeon.
             The game lasted 00:00:02 (687 turns).

qw the Shooter (Spriggan Hunter)                     Turns: 687, Time: 00:00:03

Health: 0/18       AC:  2    Str:  7    XL:     3   Next: 46%
Magic:  4/4        EV: 19    Int: 10    God:
Gold:   45         SH:  0    Dex: 20    Spells: 2/2 levels left

rFire   . . .        a - +0 shortbow
rCold   . . .        (shield currently unavailable)
rNeg    . . .        c - +0 robe
rPois   .            (helmet restricted)
rElec   .            (no cloak)
rCorr   .            (gloves unavailable)
SInv    +            (boots unavailable)
Will    .....        (no amulet)
Stlth   ++           (no ring)
HPRegen 0.23/turn    (no ring)
MPRegen 0.09/turn

%: no passive effects
@: lethally poisoned (0 -> -6), about to teleport, very quick
A: very small, no large weapons, unfitting armour, see invisible, speed 3
a: no special abilities


You were on level 2 of the Dungeon.
You visited 1 branch of the dungeon, and saw 2 of its levels.

You collected 45 gold pieces.


Innate Abilities, Weirdness & Mutations

You are very small and have problems with some larger weapons.
You are too small for most types of armour.
You have supernaturally acute eyesight. (SInv)
You cover ground extremely quickly. (Speed+++)


   Skills:
 - Level 1.5 Fighting
 + Level 4.6 Ranged Weapons
 - Level 4.2 Dodging
 - Level 1.5 Stealth


You had 2 spell levels left.
You didn't know any spells.
Your spell library was empty.

Inventory:

Hand Weapons
 a - a +0 shortbow (weapon)
Armour
 c - a +0 robe (worn)
Jewellery
 k - a ring of ice
Potions
 f - a potion of degeneration {unknown}
 h - a potion of berserk rage {unknown}
 l - a potion of invisibility {unknown}

Dungeon Overview and Level Annotations

Branches:
Dungeon (2/15)

Altars:


Message History

You shoot an arrow. The arrow misses the adder.
You hear an angry hiss.
The adder misses you. The adder bites you.
An adder comes into view.
The adder closely misses you. The adder completely misses you.
You shoot an arrow. The arrow closely misses the adder.
The adder bites you. The adder misses you. The adder closely misses you.
You shoot an arrow. The arrow closely misses the adder.
The arrow misses the adder.
The adder barely misses you. The adder misses you. The adder bites you.
You shoot an arrow. The arrow closely misses the adder.
The arrow hits the adder!
The adder is severely wounded.
The adder completely misses you. The adder barely misses you.
The adder misses you. x2
You shoot an arrow. The arrow closely misses the adder.
The arrow hits the adder.
You kill the adder!
The adder barely misses you. x2
You shoot an arrow. The arrow barely misses the adder.
The adder bites you but does no damage. The adder completely misses you.
The adder bites you.
You are poisoned.
The adder poisons you! The adder bites you.
You shoot an arrow. The arrow hits the adder.
The adder is severely wounded.
You feel sick. The adder bites you but does no damage.
The adder barely misses you.
You shoot an arrow. The arrow hits the adder.
You kill the adder!
You feel sick. The adder bites you.
You are lethally poisoned!
The adder poisons you! The adder bites you but does no damage.
686 ||| READING scroll of teleportation.
As you read the scroll of teleportation, it crumbles to dust.
You feel strangely unstable.
You feel sick. The adder completely misses you.
You shoot an arrow.
The arrow hits the adder but does no damage.
You die...

#.#####.#####.#
#.#........##
#.#.###.#<..#.###
#.#.###..........
#.......#...##...
#
####.#####..<.....
#.#.....# ##.#####
#..##S.# .#
##..@..# +#
#..###.# #.# .# #
##


You could see an adder.

Vanquished Creatures
  A gnoll (D:1)
  2 adders (D:2)
  A dart slug (D:1)
  2 bats (D:1)
  2 endoplasms (D:1)
  A hobgoblin (D:1)
  A quokka (D:1)
  A ball python (D:1)
  3 frilled lizards (D:1)
  3 goblins (D:1)
  A kobold (D:1)
  2 rats (D:1)
20 creatures vanquished.

Notes
Turn   | Place    | Note
-------+----------+-------------------------------------------
     0 | D:1      | qw the Spriggan Hunter began the quest for the Orb.
     0 | D:1      | Reached XP level 1. HP: 10/10 MP: 2/2
     0 | D:1      | 0 ||| qw: Version: 0.3-a-155-g5e7d8dd
     0 | D:1      | 0 ||| qw: Game counter: 768
     0 | D:1      | 0 ||| qw: Melee chars always use a shield: true
     0 | D:1      | 0 ||| qw: God list: Okawaru
     0 | D:1      | 0 ||| qw: Allow faded altars: false
     0 | D:1      | 0 ||| qw: Do Orc after clearing Dungeon:15 true
     0 | D:1      | 0 ||| qw: Do second Lair branch before Depths: true
     0 | D:1      | 0 ||| qw: Lair rune preference: random
     0 | D:1      | 0 ||| qw: Goals: Normal
     0 | D:1      | 0 ||| PLANNING D:1-11
    83 | D:1      | Reached skill level 3 in Dodging
   179 | D:1      | Reached XP level 2. HP: 14/14 MP: 3/3
   550 | D:1      | Reached XP level 3. HP: 18/18 MP: 4/4
   623 | D:1      | 623 ||| READING 2 scrolls labelled QAIDWO QOPP.
   623 | D:1      | 623 ||| IDENTIFYING amethyst potion
   624 | D:1      | 624 ||| READING scroll of identify.
   624 | D:1      | 624 ||| IDENTIFYING clear potion
   625 | D:1      | 625 ||| READING 2 scrolls labelled XISUSI PAMEF.
   630 | D:1      | 630 ||| READING scroll labelled HIYZAA CACAIRY.
   631 | D:1      | 631 ||| DROPPING scroll of butterflies.
   632 | D:1      | 632 ||| DROPPING potion of ambrosia.
   633 | D:1      | 633 ||| DROPPING potion of attraction.
   685 | D:2      | HP: 4/18 [adder (1)]
   686 | D:2      | 686 ||| READING scroll of teleportation.
   687 | D:2      | Succumbed to an adder's poison

Levels and vault maps discovered:
D:1:      lightli_arrival_statuegarden, layout_loops_cross,
          kennysheep_another_room, st_stairs_1, kennysheep_flooded_box,
          serial_park_tiny_2, chequers_serial_rivers_room_b,
          serial_park_tiny_pond, minmay_misc_feat_columns,
          minmay_misc_feat_cross, minmay_indecisive_spiral
D:2:      layout_loops_corners

Skill      XL: |  1 |
---------------+----+-----
Dodging        | 4 |  4.2
Fighting       | |  1.5
Ranged Weapons | |  4.6
Stealth        | |  1.5

Action                     || total
---------------------------++-------
   Fire: Shortbow          ||    66
    Use: Scroll            ||     5
 Armour: Robe              ||    17
  Dodge: Dodged            ||    43

Table legend:
 A = Non-vault XP
 B = Vault XP
 C = Vault XP percentage of total XP
 D = Non-vault monster count
 E = Vault monster count
 F = Vault count percentage of total count
                 A         B        C        D         E       F
            +---------+---------+-------+---------+---------+-------
      Total |      58 |       9 |  13.4 |      14 |       6 |  30.0
            +---------+---------+-------+---------+---------+-------
        D:1 |      32 |       9 |  22.0 |      12 |       6 |  33.3
        D:2 |      26 |       0 |   0.0 |       2 |       0 |   0.0
            +---------+---------+-------+---------+---------+-------
